[Event "Titled Tuesday Blitz May 4 2021"]
[White "Sanchez Alvares, Kelvin Antonio"]
[Black "Vivas Zamora, Fabian Ernesto"]
[WhiteFideId "3906680"]
[BlackFideId "3902480"]
[WhiteElo "2247"]
[BlackElo "1966"]
[Result "1-0"]
[Round "06"]
[TimeControl "180+1"]
[Date "2021.05.04"]
[WhiteClock "0:01:08"]
[BlackClock "0:00:01"]

1. e4 e5 2. Nf3 Nc6 3. Bc4 Nf6 4. d3 Bc5 5. h3 O-O 6. c3 a5 7. Bg5 Be7 8. Nbd2 d5 9. Bxf6 dxc4 10. Bxe7 Qxe7 11. Nxc4 f5 12. Ne3 f4 13. Nd5 Qd6 14. Qb3 Be6 15. Qxb7 Bxd5 16. exd5 Qxd5 17. Qb3 Qxb3 18. axb3 Rab8 19. Nd2 Rfd8 20. Ke2 Rb5 21. Rhd1 Nb8 22. Ra4 Nd7 23. c4 Rc5 24. Ne4 Rc6 25. Rxa5 Rb8 26. Rd5 Nf6 27. Rc5 1-0


[Site "https://www.chess.com"]

[Event "Titled Tuesday Blitz May 4 2021"]
[White "Sapunov, Evgeny"]
[Black "Balaji, Aaravamudhan"]
[WhiteFideId "4126661"]
[BlackFideId "436224"]
[WhiteElo "2470"]
[BlackElo "2085"]
[Result "1-0"]
[Round "06"]
[TimeControl "180+1"]
[Date "2021.05.04"]
[WhiteClock "0:00:35"]
[BlackClock "0:00:02"]

1. c4 Nf6 2. Nf3 g6 3. Nc3 Bg7 4. e4 d6 5. d4 O-O 6. Be2 c5 7. d5 Re8 8. O-O e6 9. Nd2 a6 10. a4 Nbd7 11. Re1 h5 12. h3 Nf8 13. Bf1 Rb8 14. Nf3 exd5 15. cxd5 Bd7 16. Bf4 Bc8 17. Qd2 Qb6 18. a5 Qd8 19. Bc4 N8h7 20. e5 dxe5 21. Nxe5 Ra8 22. Bh2 Bf5 23. Qf4 Nd7 24. Nxf7 Kxf7 25. d6+ Kf8 26. g4 Rxe1+ 27. Rxe1 Qg5 28. Re7 hxg4 29. Rf7+ Ke8 30. Rxg7 Qxf4 31. Bxf4 Nhf6 32. Re7+ Kd8 33. Bg5 Kc8 34. Rf7 Nh5 35. hxg4 Bxg4 36. Nd5 Kb8 37. Nb6 Nxb6 38. axb6 a5 39. Rf8+ Bc8 1-0


[Site "https://www.chess.com"]

[Event "Titled Tuesday Blitz May 4 2021"]
[White "Sargissyan, Sargis"]
[Black "Dovbnia, Nikita"]
[WhiteFideId "13303210"]
[BlackFideId "54104599"]
[WhiteElo "2174"]
[BlackElo "2056"]
[Result "1-0"]
[Round "06"]
[TimeControl "180+1"]
[Date "2021.05.04"]
[WhiteClock "0:00:15"]
[BlackClock "0:00:03"]

1. e4 c5 2. Nf3 d6 3. d4 cxd4 4. Nxd4 Nf6 5. Nc3 a6 6. Be3 e5 7. Nb3 Be6 8. f3 h5 9. Qd2 Nbd7 10. O-O-O Be7 11. Kb1 b5 12. Be2 Nb6 13. h3 Nc4 14. Bxc4 bxc4 15. Nc1 h4 16. f4 Rb8 17. fxe5 dxe5 18. Qxd8+ Bxd8 19. Bg5 Rh5 20. Bxf6 gxf6 21. Nd5 Rg5 22. Rhg1 f5 23. exf5 Bxf5 24. Ne3 Be6 25. Rge1 Ba5 26. Rf1 Bc3 27. b3 a5 28. Ne2 Bb4 29. Nd5 Bxd5 30. Rxd5 cxb3 31. axb3 Rxg2 32. Rxe5+ Kf8 33. Nf4 Rg3 34. Nh5 Rxh3 35. Nf6 Rd8 36. Rg1 Rg3 37. Rh1 h3 38. Nh5 Rg2 39. Nf4 Rf2 40. Nd3 Rg2 41. Nxb4 axb4 42. Rxh3 Rg1+ 43. Kb2 Rdd1 44. c3 Rb1+ 45. Kc2 Rgc1+ 46. Kd2 Rd1+ 47. Ke3 bxc3 48. Rc5 Re1+ 49. Kd3 Rbd1+ 50. Kxc3 Rc1+ 51. Kb4 Rxc5 52. Kxc5 f5 53. b4 Rc1+ 54. Kd5 Rb1 55. Kc5 f4 56. b5 Ke7 57. Rf3 Rc1+ 58. Kb6 Rc4 59. Ka6 Ke6 60. b6 Ke5 61. b7 Rb4 62. Rc3 Ke4 63. Rc6 f3 64. Rb6 Ra4+ 65. Kb5 f2 66. Kxa4 f1=Q 67. b8=Q Qa1+ 68. Kb5 Qb2+ 69. Kc6 Qc3+ 70. Kb7 Qg7+ 71. Qc7 Qxc7+ 72. Kxc7 Kd5 73. Kd7 Kc5 1-0


[Site "https://www.chess.com"]

[Event "Titled Tuesday Blitz May 4 2021"]
[White "Sarkar, Justin"]
[Black "Kapitanchuk, Tomas"]
[WhiteFideId "2010011"]
[BlackFideId "135046"]
[WhiteElo "2140"]
[BlackElo "1955"]
[Result "0-1"]
[Round "06"]
[TimeControl "180+1"]
[Date "2021.05.04"]
[WhiteClock "0:00:01"]
[BlackClock "0:00:27"]

1. e4 c5 2. Nf3 e6 3. d4 cxd4 4. Nxd4 Nc6 5. Nc3 Qc7 6. Be3 a6 7. Qf3 d6 8. O-O-O Bd7 9. Qg3 Nf6 10. Nxc6 Bxc6 11. f3 b5 12. Kb1 b4 13. Ne2 Rc8 14. Nd4 Bb7 15. Rc1 g6 16. Bd3 Be7 17. c3 bxc3 18. Rxc3 Qb6 19. Nxe6 Qxe3 20. Bb5+ axb5 21. Rxe3 fxe6 22. e5 Nd5 23. Re2 Kd7 24. Rhe1 Rhe8 25. exd6 Bxd6 26. Qg4 Nf4 27. Rd2 Nd5 28. Qh3 Re7 29. g3 Rce8 30. Rde2 Nc7 31. Rd1 Bd5 32. Red2 Kd8 33. f4 Be4+ 34. Ka1 Bd5 35. Qg4 Rd7 36. Qe2 Ree7 37. Rc1 Ke8 38. Rdc2 Kf8 39. Qe3 Ne8 40. Qb6 Ra7 41. a3 b4 0-1


[Site "https://www.chess.com"]

[Event "Titled Tuesday Blitz May 4 2021"]
[White "Schmidt, Harald"]
[Black "Baches Garcia, Guillermo"]
[WhiteFideId "4648358"]
[BlackFideId "2209764"]
[WhiteElo "2280"]
[BlackElo "2445"]
[Result "0-1"]
[Round "06"]
[TimeControl "180+1"]
[Date "2021.05.04"]
[WhiteClock "0:00:46"]
[BlackClock "0:01:03"]

1. a3 d5 2. e3 g6 3. c4 c6 4. Nc3 Bg7 5. d4 Nf6 6. cxd5 cxd5 7. h3 O-O 8. Bd3 Nc6 9. Nf3 b6 10. O-O Bb7 11. Bd2 Rc8 12. Rc1 Na5 13. Qa4 Nc4 14. Bxc4 dxc4 15. Qxa7 Bxf3 16. gxf3 Nd5 17. Nxd5 Qxd5 18. Qxe7 Qxf3 19. Qh4 Rfe8 20. Qg4 Qd5 21. Qg2 Re4 22. Bc3 Rce8 23. Rce1 b5 24. Bd2 Qd7 25. f3 R4e6 26. Re2 Bxd4 27. Bc1 Bxe3+ 28. Bxe3 Rxe3 29. Rfe1 Rxe2 30. Rxe2 Qd1+ 0-1


[Site "https://www.chess.com"]

[Event "Titled Tuesday Blitz May 4 2021"]
[White "Sellitti, Federico"]
[Black "Royal, Shreyas"]
[WhiteFideId "821829"]
[BlackFideId "448869"]
[WhiteElo "2611"]
[BlackElo "1931"]
[Result "1-0"]
[Round "06"]
[TimeControl "180+1"]
[Date "2021.05.04"]
[WhiteClock "0:01:08"]
[BlackClock "0:01:49"]

1. e4 e5 2. Nc3 Nf6 3. f4 d5 4. fxe5 Nxe4 5. Qf3 Nxc3 6. dxc3 c5 7. Qg3 Be6 8. Nh3 Nc6 9. Nf4 Bf5 10. Bb5 a6 11. Bxc6+ bxc6 12. O-O Qd7 13. Bd2 g6 14. Rae1 Bg7 15. e6 fxe6 16. Nxe6 Bxe6 17. Rxe6+ Qxe6 18. Re1 Qxe1+ 19. Qxe1+ Kd7 20. Qf2 d4 21. Qf7+ Kd6 22. Bf4+ Be5 23. Qf6+ Kd7 24. Qxe5 Rae8 1-0


[Site "https://www.chess.com"]

[Event "Titled Tuesday Blitz May 4 2021"]
[White "Senthil Maran K"]
[Black "Arabidze, Meri"]
[WhiteFideId "25035681"]
[BlackFideId "13604040"]
[WhiteElo "2194"]
[BlackElo "2432"]
[Result "0-1"]
[Round "06"]
[TimeControl "180+1"]
[Date "2021.05.04"]
[WhiteClock "0:00:01"]
[BlackClock "0:00:45"]

1. d4 d5 2. c4 e6 3. Nf3 Nf6 4. g3 Bb4+ 5. Bd2 Be7 6. Bg2 O-O 7. O-O Nbd7 8. Qc2 Ne4 9. Nc3 Nxd2 10. Nxd2 c6 11. e4 dxe4 12. Ndxe4 f5 13. Nd2 e5 14. d5 e4 15. Rae1 Bf6 16. f3 e3 17. Nb3 Ne5 18. Rxe3 Nxc4 19. Rd3 Qb6+ 20. Qf2 Nxb2 21. Re3 Nc4 22. Rd3 Bxc3 23. Rxc3 cxd5 24. f4 Be6 25. Nd4 Bf7 26. Nxf5 Qxf2+ 27. Kxf2 Rfd8 28. Ne7+ Kf8 29. Nxd5 Rxd5 30. Bxd5 Bxd5 31. Rd1 Nb6 32. a4 Bc6 33. a5 Nd5 34. Rc5 Nb4 35. Rd2 g6 36. Rd4 Na6 37. Rc3 Re8 38. Re3 Nc7 39. Rxe8+ Kxe8 40. Rb4 Nd5 41. Rd4 Ke7 42. g4 Kd6 43. Kg3 b5 44. Rd1 b4 45. f5 gxf5 46. gxf5 b3 47. Rb1 Ba4 0-1


[Site "https://www.chess.com"]

[Event "Titled Tuesday Blitz May 4 2021"]
[White "Sergey85Rodchenkov"]
[Black "Niyazgulova, Marina"]
[BlackFideId "24142573"]
[WhiteElo "2537"]
[BlackElo "2087"]
[Result "1-0"]
[Round "06"]
[TimeControl "180+1"]
[Date "2021.05.04"]
[WhiteClock "0:01:07"]
[BlackClock "0:00:03"]

1. e4 d5 2. exd5 Qxd5 3. Nc3 Qd6 4. d4 Nf6 5. Bc4 c6 6. Nge2 Bf5 7. Bf4 Qb4 8. Bb3 e6 9. a3 Qa5 10. Ng3 Bg6 11. h4 h5 12. O-O Be7 13. Re1 Nbd7 14. Qf3 O-O 15. Rad1 Rad8 16. Bg5 Rfe8 17. Nce2 e5 18. Nf5 e4 19. Nxe7+ Rxe7 20. Qg3 Bf5 21. Nf4 Bg4 22. f3 exf3 23. gxf3 Rxe1+ 24. Rxe1 Bf5 25. Re7 Rf8 26. Bh6 Bg4 27. fxg4 gxh6 28. g5 hxg5 29. Qxg5+ Qxg5+ 30. hxg5 Nd5 31. Nxd5 cxd5 32. Bxd5 Nb6 33. Bb3 Kg7 34. Rxb7 Kg6 35. Rxa7 Kxg5 36. Rxf7 Rd8 37. c3 Kg4 38. Kg2 1-0


[Site "https://www.chess.com"]

[Event "Titled Tuesday Blitz May 4 2021"]
[White "Sharapov, Evgeny"]
[Black "Shahade, Gregory"]
[WhiteFideId "14103133"]
[BlackFideId "2009064"]
[WhiteElo "2367"]
[BlackElo "2653"]
[Result "0-1"]
[Round "06"]
[TimeControl "180+1"]
[Date "2021.05.04"]
[WhiteClock "0:00:52"]
[BlackClock "0:00:50"]

1. c4 Nf6 2. Nc3 d5 3. cxd5 Nxd5 4. g3 g6 5. Bg2 Nb6 6. Nf3 Bg7 7. O-O Nc6 8. d3 O-O 9. Be3 e5 10. Rc1 Nd4 11. Nd2 Re8 12. a3 c6 13. Nde4 h6 14. Nc5 Nd7 15. Nxd7 Bxd7 16. Ne4 b6 17. h3 Qe7 18. Rc3 c5 19. Qd2 Kh7 20. Qd1 Rad8 21. Kh2 f5 22. Nd2 f4 23. Bxd4 exd4 24. Rc2 Qxe2 25. Ne4 Qxd1 26. Rxd1 Ba4 0-1


[Site "https://www.chess.com"]

[Event "Titled Tuesday Blitz May 4 2021"]
[White "Shipov, Sergei"]
[Black "Howell, David W L"]
[WhiteFideId "4113624"]
[BlackFideId "410608"]
[WhiteElo "2736"]
[BlackElo "2643"]
[Result "0-1"]
[Round "06"]
[TimeControl "180+1"]
[Date "2021.05.04"]
[WhiteClock "0:00:10"]
[BlackClock "0:00:05"]

1. d4 d5 2. c4 e6 3. Nc3 Be7 4. cxd5 exd5 5. Bf4 c6 6. e3 Bd6 7. Bg3 Nf6 8. Bd3 O-O 9. Nf3 Bg4 10. Qb3 Bxf3 11. gxf3 b5 12. a4 b4 13. Ne2 c5 14. dxc5 Bxc5 15. Rc1 Nbd7 16. O-O Qe7 17. Bf5 Bd6 18. Rfd1 a5 19. Qc2 g6 20. Bh3 Rac8 21. Qxc8 Rxc8 22. Rxc8+ Kg7 23. b3 Be5 24. Nd4 Qd6 25. Nb5 Qe7 26. Kg2 h5 27. Rdc1 d4 28. Nxd4 Bxd4 29. exd4 Nb6 30. R8c7 Qe2 31. Be5 Nd5 32. Be6 Ne3+ 33. Kg1 Qxf3 34. fxe3 Qxe3+ 35. Kg2 Qe2+ 36. Kh3 Qf3+ 37. Bg3 h4 38. Rxf7+ Kh6 39. Rg1 hxg3 40. Rxg3 Qh5+ 41. Kg2 Qe2+ 42. Kg1 Qxe6 43. Rf8 Qe1+ 44. Kg2 Qe2+ 45. Kg1 Qd1+ 46. Kg2 Qd2+ 47. Kh3 Qxd4 48. Rh8+ Kg7 49. Rh4 Qd7+ 50. Kg2 Nd5 51. Rhg4 Ne3+ 0-1


[Site "https://www.chess.com"]

[Event "Titled Tuesday Blitz May 4 2021"]
[White "Shukhman, Anna"]
[Black "Davtyan, David Arm."]
[WhiteFideId "54180058"]
[BlackFideId "13310046"]
[WhiteElo "1628"]
[BlackElo "2028"]
[Result "1-0"]
[Round "06"]
[TimeControl "180+1"]
[Date "2021.05.04"]
[WhiteClock "0:00:15"]
[BlackClock "0:00:01"]

1. e4 c5 2. Nf3 Nc6 3. d4 cxd4 4. Nxd4 e5 5. Nb5 d6 6. c4 a6 7. N5c3 g6 8. Nd5 Bg7 9. Nbc3 Nge7 10. Bg5 O-O 11. Be2 f6 12. Be3 Be6 13. O-O f5 14. Bb6 Qd7 15. Nc7 Rac8 16. Nxe6 Qxe6 17. Nd5 fxe4 18. Bg4 Nf5 19. Qe2 h5 20. Bh3 Ncd4 21. Qxe4 Rxc4 22. b3 Rc6 23. Bxd4 Qf7 24. Be3 Rfc8 25. Rac1 Re8 26. b4 Kh7 27. a4 Nxe3 28. fxe3 Rxc1 29. Rxc1 Rf8 30. Qd3 Qf2+ 31. Kh1 e4 32. Qd1 h4 33. Bg4 b5 34. axb5 axb5 35. Qe2 Bb2 36. Rd1 Qxe2 37. Bxe2 Rb8 38. Rb1 Be5 39. Rc1 Kg8 40. Rc7 Ra8 41. Rc1 Rb8 42. Nc7 Kh7 43. Bxb5 Kh6 44. g3 hxg3 45. hxg3 Bxg3 46. Kg2 Be5 47. Rc4 Rb7 48. Nd5 Rxb5 49. Nc7 Rb7 50. b5 d5 51. Nxd5 Rxb5 52. Ne7 Rb2+ 53. Kf1 Rb1+ 54. Ke2 Rb2+ 55. Kd1 Rb7 56. Nc6 Bd6 57. Rxe4 Rc7 58. Nd4 Kg7 59. Ne6+ Kf6 60. Nxc7 Bxc7 61. Rc4 Be5 62. Kd2 Kf5 63. Kd3 g5 64. Rc5 g4 65. Rc8 g3 66. Rf8+ Kg4 67. Ke4 Bc7 68. Rg8+ Kh3 69. Kf3 Kh2 70. e4 Kg1 71. Rxg3+ 1-0


[Site "https://www.chess.com"]

[Event "Titled Tuesday Blitz May 4 2021"]
[White "Sieciechowicz, Marcin"]
[Black "Shkapenko, Pavel"]
[WhiteFideId "1130170"]
[BlackFideId "4151933"]
[WhiteElo "2288"]
[BlackElo "2386"]
[Result "1/2-1/2"]
[Round "06"]
[TimeControl "180+1"]
[Date "2021.05.04"]
[WhiteClock "0:01:32"]
[BlackClock "0:02:10"]

1. d4 Nf6 2. c4 e6 3. Nc3 Bb4 4. e3 c5 5. Ne2 cxd4 6. exd4 O-O 7. a3 Be7 8. Nf4 d6 9. Be2 e5 10. dxe5 dxe5 11. Qxd8 Bxd8 12. Nfd5 Nxd5 13. Nxd5 Nc6 14. Be3 Be6 15. Rd1 Rc8 16. O-O h6 17. b4 b6 18. f4 exf4 19. Bxf4 Bg5 20. Bxg5 hxg5 21. Rd2 Rfe8 22. Rfd1 Ne5 23. Rd4 f6 24. a4 Nc6 25. R4d2 Ne5 26. Rd4 Nc6 27. R4d2 Ne5 28. Rd4 1/2-1/2


[Site "https://www.chess.com"]

[Event "Titled Tuesday Blitz May 4 2021"]
[White "Sikorova, Olga"]
[Black "Roque Sola, Gisela"]
[WhiteFideId "307033"]
[BlackFideId "5120241"]
[WhiteElo "2188"]
[BlackElo "1863"]
[Result "1-0"]
[Round "06"]
[TimeControl "180+1"]
[Date "2021.05.04"]
[WhiteClock "0:00:09"]
[BlackClock "0:00:01"]

1. c4 Nf6 2. g3 g6 3. Nc3 Bg7 4. Bg2 d6 5. e4 c5 6. Nge2 Nc6 7. O-O O-O 8. d3 Rb8 9. h3 a6 10. a4 Bd7 11. f4 Ne8 12. Be3 b6 13. d4 cxd4 14. Nxd4 Nxd4 15. Bxd4 Qc8 16. Nd5 Qxc4 17. Nxe7+ Kh8 18. Bxg7+ Nxg7 19. b3 Qc3 20. Rc1 Qxg3 21. Rf3 Qh4 22. Nd5 b5 23. Rc7 Be6 24. axb5 Rxb5 25. Bf1 Rc5 26. Rxc5 dxc5 27. Bxa6 Rd8 28. Qf1 Bxd5 29. exd5 Rxd5 30. Bc4 Rd4 31. Bxf7 Qf6 32. Bc4 Rd2 33. Qe1 Qd4+ 34. Kh1 Nf5 35. Qe5+ Qxe5 36. fxe5 Kg7 37. Kg1 Kf8 38. Kf1 Ke7 39. Ke1 Rh2 40. Bf1 Rb2 41. Rc3 Rb1+ 42. Kf2 1-0


[Site "https://www.chess.com"]

[Event "Titled Tuesday Blitz May 4 2021"]
[White "Simonovic, Miroslav"]
[Black "Daulyte-Cornette, Deimante"]
[WhiteFideId "919152"]
[BlackFideId "12802859"]
[WhiteElo "2043"]
[BlackElo "2285"]
[Result "0-1"]
[Round "06"]
[TimeControl "180+1"]
[Date "2021.05.04"]
[WhiteClock "0:00:03"]
[BlackClock "0:00:05"]

1. d4 d6 2. Bg5 g6 3. h4 Bg7 4. h5 h6 5. Bh4 g5 6. Bg3 f5 7. e3 Nf6 8. Bd3 O-O 9. c4 c5 10. Ne2 Nc6 11. f4 g4 12. d5 Nb4 13. Nbc3 Nxd3+ 14. Qxd3 a6 15. Bh4 Nxh5 16. Bxe7 Qxe7 17. Rxh5 Bd7 18. a4 Rae8 19. Kf2 Qf7 20. Rah1 Re7 21. b3 Rfe8 22. Nd1 b5 23. axb5 axb5 24. Rxh6 Bxh6 25. Rxh6 bxc4 26. bxc4 Ba4 27. Nec3 Bxd1 28. Nxd1 g3+ 29. Kf3 Kg7 30. Rh3 Rh8 31. Qc3+ Qf6 32. Rxg3+ Kf7 33. Qd3 Rh1 34. Rg5 Ke8 35. Rxf5 Rxd1 36. Rxf6 Rxd3 37. Rxd6 Rdxe3+ 38. Kg4 Rg7+ 39. Kf5 Rxg2 40. Rc6 Rf2 41. Rxc5 Ref3 42. Ke6 Kd8 0-1


[Site "https://www.chess.com"]

[Event "Titled Tuesday Blitz May 4 2021"]
[White "Skatchkov, Pavel"]
[Black "Plotnikov, Pavel"]
[WhiteFideId "4121848"]
[BlackFideId "4170342"]
[WhiteElo "2476"]
[BlackElo "2298"]
[Result "1-0"]
[Round "06"]
[TimeControl "180+1"]
[Date "2021.05.04"]
[WhiteClock "0:00:14"]
[BlackClock "0:00:02"]

1. d4 Nf6 2. c4 g6 3. Nc3 Bg7 4. e4 d6 5. h3 O-O 6. Be3 e5 7. d5 Na6 8. g4 Nc5 9. f3 a5 10. Qd2 h5 11. Nge2 b6 12. Bg5 Kh7 13. gxh5 gxh5 14. Ng3 Kg6 15. h4 Rh8 16. f4 exf4 17. Qxf4 Qe7 18. O-O-O Qe5 19. Qxe5 dxe5 20. Be2 Ng4 21. Nb5 Nf2 22. Rhg1 Nxd1 23. Kxd1 Bg4 24. Nxc7 Rac8 25. Nb5 Bf6 26. Bxf6 Kxf6 27. Rf1+ Ke7 28. Bxg4 hxg4 29. h5 Rcf8 30. d6+ Kd7 31. Rf6 Nb7 32. Nf5 Nd8 33. h6 Rfg8 34. Ne7 Rg5 35. Ke2 g3 36. Kf1 Rh7 37. Kg2 Ne6 38. Nd5 Kc6 39. Ne7+ Kd7 40. Nd5 Rg6 41. Nxb6+ Kc6 42. Rxg6 fxg6 43. Nd5 Rxh6 44. Kxg3 Nc5 45. Nf6 g5 46. Ng4 Nxe4+ 47. Kf3 Rh4 48. Nxe5+ Kb7 49. d7 Nd2+ 50. Ke2 Rh2+ 51. Ke3 Nf1+ 52. Ke4 Rd2 53. Nd3 Re2+ 54. Kd4 Ne3 55. d8=Q Nf5+ 56. Kc3 Ne7 57. Nc5+ Kc6 58. Qd6# 1-0


[Site "https://www.chess.com"]

[Event "Titled Tuesday Blitz May 4 2021"]
[White "Skoberne, Jure"]
[Black "Golubev, Mikhail"]
[WhiteFideId "14604299"]
[BlackFideId "14100983"]
[WhiteElo "2559"]
[BlackElo "2374"]
[Result "1-0"]
[Round "06"]
[TimeControl "180+1"]
[Date "2021.05.04"]
[WhiteClock "0:00:04"]
[BlackClock "0:00:11"]

1. Nf3 d6 2. d4 Nf6 3. g3 g6 4. Bg2 Bg7 5. c4 O-O 6. O-O Nbd7 7. Nc3 e5 8. e4 Re8 9. h3 b6 10. Re1 exd4 11. Nxd4 Bb7 12. Nd5 Nxd5 13. cxd5 Bxd5 14. Nf5 gxf5 15. Qxd5 fxe4 16. Rxe4 Qf6 17. Rf4 Qe7 18. Qf5 Rab8 19. Bc6 Rbd8 20. Rh4 Qe1+ 21. Kg2 Re2 22. Bh6 Qxa1 23. Rg4 Qxb2 24. Rxg7+ Qxg7 25. Bxg7 Kxg7 26. Qg5+ 1-0


[Site "https://www.chess.com"]

[Event "Titled Tuesday Blitz May 4 2021"]
[White "Sokolov, Andrey M."]
[Black "Mekhitarian, Krikor Sevag"]
[WhiteFideId "4171438"]
[BlackFideId "2107660"]
[WhiteElo "2349"]
[BlackElo "2598"]
[Result "0-1"]
[Round "06"]
[TimeControl "180+1"]
[Date "2021.05.04"]
[WhiteClock "0:00:11"]
[BlackClock "0:00:10"]

1. d4 Nf6 2. Nf3 e6 3. Bf4 c5 4. e3 d5 5. c3 Nc6 6. Nbd2 Be7 7. Bd3 Nh5 8. Bg3 Nxg3 9. hxg3 g6 10. Qe2 Qb6 11. O-O-O Bd7 12. Kb1 O-O-O 13. dxc5 Bxc5 14. Ng5 Ne5 15. Bc2 Bb5 16. Qe1 h6 17. Ngf3 Nd3 18. Bxd3 Bxd3+ 19. Ka1 Bd6 20. Rc1 Kb8 21. c4 Bb4 22. cxd5 Rxd5 23. Qg1 Rhd8 24. Nb3 Bf8 25. Qe1 Bb4 26. Qg1 Be7 27. Rxh6 Qxb3 28. Rc3 Qb6 29. Nd4 Ba6 30. Rh7 Bf6 31. Rxf7 Bxd4 32. exd4 Rxd4 33. Rc1 Rd2 34. Rb1 Bd3 35. Qe1 Bxb1 36. Qe5+ Ka8 37. Kxb1 a6 38. Re7 Qd6 39. Qxd6 R8xd6 40. Rg7 Rxf2 41. Rxg6 Rdd2 42. Rxe6 Rxb2+ 43. Kc1 Rxa2 44. Kb1 Rfb2+ 45. Kc1 Rxg2 46. Kb1 Rgb2+ 47. Kc1 Rh2 48. Kb1 Rag2 0-1


[Site "https://www.chess.com"]

[Event "Titled Tuesday Blitz May 4 2021"]
[White "Sokolovsky, Yahli"]
[Black "Christiansen, Johan-Sebastian"]
[WhiteFideId "2820242"]
[BlackFideId "1512668"]
[WhiteElo "1770"]
[BlackElo "2593"]
[Result "0-1"]
[Round "06"]
[TimeControl "180+1"]
[Date "2021.05.04"]
[WhiteClock "0:00:01"]
[BlackClock "0:02:31"]

1. b3 e5 2. Bb2 Nc6 3. e3 d5 4. Bb5 Bd6 5. f4 Qh4+ 6. g3 Qe7 7. Nf3 f6 8. fxe5 fxe5 9. Bxc6+ bxc6 10. Nxe5 Nf6 11. Nxc6 Qe4 12. O-O Bh3 13. Rf2 Ng4 14. Nc3 Qh1+ 15. Kxh1 Nxf2+ 16. Kg1 Nxd1 17. Rxd1 Kd7 18. Nd4 c6 19. Re1 Rhf8 20. Nde2 g5 21. d3 Rf7 22. Nd1 Raf8 23. Nd4 Rf1+ 0-1


[Site "https://www.chess.com"]

[Event "Titled Tuesday Blitz May 4 2021"]
[White "Srihari L R"]
[Black "Van Foreest, Jorden"]
[WhiteFideId "46617116"]
[BlackFideId "1039784"]
[WhiteElo "2121"]
[BlackElo "2622"]
[Result "0-1"]
[Round "06"]
[TimeControl "180+1"]
[Date "2021.05.04"]
[WhiteClock "0:00:02"]
[BlackClock "0:00:36"]

1. d4 g6 2. h4 Bg7 3. h5 c5 4. c3 cxd4 5. cxd4 Qb6 6. Nf3 Nc6 7. e3 d6 8. Nc3 Bg4 9. hxg6 hxg6 10. Rxh8 Bxh8 11. Be2 Nf6 12. Bd2 Bg7 13. Na4 Qd8 14. Qb3 Rb8 15. Ng5 Bxe2 16. Qxf7+ Kd7 17. Kxe2 Qg8 18. Qxg8 Rxg8 19. Rh1 b5 20. Nc3 a6 21. Nce4 Nxe4 22. Nxe4 Nd8 23. g4 Ne6 24. f4 Nc7 25. Nc3 b4 26. Ne4 a5 27. Nf2 Nd5 28. Kd3 Rc8 29. Rh7 Rg8 30. Ne4 Ke6 31. Ng3 Nf6 32. f5+ Kf7 33. fxg6+ Kxg6 34. Rh1 Nxg4 35. Rg1 Kf7 36. Nf5 Bf8 37. Ke2 e6 38. Ng3 Nf6 39. Be1 d5 40. Rf1 Rg5 41. Nh1 Rh5 42. Ng3 Rh3 43. Rh1 Rxh1 44. Nxh1 Bd6 45. Nf2 Ke7 46. Kd3 Kd7 47. e4 Bg3 48. e5 Ne4 49. Ke2 Bxf2 50. Bxf2 Kc6 51. Be1 Kb5 52. Kd3 a4 53. Bd2 Ng3 54. Be1 Ne4 55. a3 b3 56. Bb4 Ng3 57. Be1 Nh5 58. Bd2 Ng7 59. Be1 Ne8 60. Bd2 Nc7 61. Be1 Na8 62. Bd2 Nb6 63. Bc3 Nc4 64. Ke2 Kc6 65. Kd3 Kd7 66. Ke2 Ke7 67. Kf3 Kf7 68. Kf4 Kg6 69. Kg4 Ne3+ 70. Kf3 Nd1 71. Ke2 Nxc3+ 72. bxc3 b2 0-1


[Site "https://www.chess.com"]

[Event "Titled Tuesday Blitz May 4 2021"]
[White "Stepak, Yedael"]
[Black "Iljushina, Olga"]
[WhiteFideId "2800454"]
[BlackFideId "4152280"]
[WhiteElo "2146"]
[BlackElo "1967"]
[Result "0-1"]
[Round "06"]
[TimeControl "180+1"]
[Date "2021.05.04"]
[WhiteClock "0:00:02"]
[BlackClock "0:00:46"]

1. d4 Nf6 2. c4 e6 3. Nf3 Bb4+ 4. Nbd2 b6 5. e3 Bb7 6. Be2 O-O 7. O-O d5 8. a3 Bd6 9. b4 c5 10. Rb1 Qc7 11. h3 Nbd7 12. b5 cxd4 13. exd4 dxc4 14. Bxc4 Bf4 15. Bd3 Rfc8 16. Qe2 Nd5 17. Nc4 Nc3 18. Qc2 Nxb1 19. Bxf4 Qxf4 20. Rxb1 Nf6 21. Nfe5 Qxd4 22. Nc6 Bxc6 23. bxc6 Rxc6 24. Qe2 Rac8 25. Ne5 Rc1+ 26. Rxc1 Rxc1+ 27. Kh2 Qf4+ 28. g3 Qd4 29. Qf3 Qd5 30. Qxd5 Nxd5 31. f4 Rc3 32. Be4 Rxa3 33. Nc6 Ra2+ 34. Kg1 a5 35. Ne5 a4 36. f5 a3 37. fxe6 fxe6 38. Nc4 Ra1+ 39. Kf2 a2 0-1


[Site "https://www.chess.com"]

[Event "Titled Tuesday Blitz May 4 2021"]
[White "Stromboli, Ettore"]
[Black "Josse, Mark"]
[WhiteFideId "813761"]
[BlackFideId "414476"]
[WhiteElo "2414"]
[BlackElo "2287"]
[Result "0-1"]
[Round "06"]
[TimeControl "180+1"]
[Date "2021.05.04"]
[WhiteClock "0:00:02"]
[BlackClock "0:00:13"]

1. e4 e5 2. Nf3 Nc6 3. Bb5 Nge7 4. O-O a6 5. Ba4 g6 6. c3 Bg7 7. d4 b5 8. Bb3 exd4 9. cxd4 d6 10. Nc3 O-O 11. h3 Bb7 12. Re1 Na5 13. Bc2 Nc4 14. b3 Nb6 15. Bb2 c5 16. Qd2 Qc7 17. Rad1 Rad8 18. Bb1 b4 19. Ne2 a5 20. Rc1 c4 21. bxc4 Nxc4 22. Qc2 Ba6 23. Nd2 Rc8 24. Qa4 d5 25. exd5 Nxd5 26. Nxc4 Bxc4 27. Bd3 Nb6 28. Qxa5 Ra8 29. Qxb4 Ra4 30. Qd2 Rxa2 31. Bxc4 Nxc4 32. Qc3 Rc8 33. Ba1 Qb7 34. Rc2 Rxc2 35. Qxc2 Ne3 36. Qxc8+ Qxc8 37. fxe3 Qc2 38. Kf2 f5 39. Rc1 Qe4 40. Rc8+ Kf7 41. Rc7+ Kf8 42. Nf4 Bh6 43. g3 Bxf4 44. gxf4 h5 45. Bc3 Qc2+ 46. Kf3 Qd1+ 47. Kf2 Qc2+ 48. Kf3 Qe4+ 49. Kf2 Qh1 50. Rc8+ Kf7 51. Rc7+ Ke6 52. Rc5 Qxh3 53. Re5+ Kd6 54. Bb4+ Kc6 55. d5+ Kb5 56. d6+ Kxb4 57. d7 Qh2+ 58. Kf3 Qd2 59. Re7 Qd5+ 60. Kf2 h4 61. Rh7 h3 62. Rxh3 Qd2+ 63. Kf3 Qxd7 64. Rh6 Qd5+ 65. Kf2 Qe6 66. Rh8 Kc3 67. Rd8 Qe4 68. Rc8+ Kd2 69. Rd8+ Kc1 70. Rc8+ Kb2 71. Rd8 Kc3 0-1


[Site "https://www.chess.com"]

[Event "Titled Tuesday Blitz May 4 2021"]
[White "Suarez Uriel, Adrian"]
[Black "Papasimakopoulos, Alexandros"]
[WhiteFideId "22230874"]
[BlackFideId "4244125"]
[WhiteElo "2299"]
[BlackElo "2352"]
[Result "1/2-1/2"]
[Round "06"]
[TimeControl "180+1"]
[Date "2021.05.04"]
[WhiteClock "0:00:07"]
[BlackClock "0:00:12"]

1. Nf3 f5 2. d3 d6 3. e4 g6 4. h4 Nf6 5. h5 Bg7 6. h6 Bf8 7. Nc3 Nc6 8. Bg5 e5 9. d4 fxe4 10. Nxe4 Be7 11. Bxf6 Bxf6 12. d5 Nd4 13. Nxd4 exd4 14. Nxf6+ Qxf6 15. Qe2+ Kf7 16. O-O-O Re8 17. Qd2 Bg4 18. f3 Bd7 19. Qxd4 Qxd4 20. Rxd4 Re1+ 21. Rd1 Rae8 22. Bd3 Rxh1 23. Rxh1 Kf6 24. Kd2 Bf5 25. c4 Kg5 26. Be2 Kf4 27. b4 Kg3 28. Bf1 Kf2 29. g4 Bb1 30. a3 Kxf3 31. g5 Kf4 32. Rg1 Re5 33. Bh3 Bf5 34. Bxf5 Rxf5 35. Kd3 b5 36. cxb5 Rxd5+ 37. Kc4 Rxg5 38. Rf1+ Ke5 39. Rf7 Rg4+ 40. Kb3 d5 41. Rxc7 Rg3+ 42. Ka4 Rh3 43. Rxh7 g5 44. Rxa7 Rxh6 45. b6 Rxb6 46. Ka5 Rg6 47. b5 g4 48. b6 Rg8 49. b7 Rb8 50. Ka6 g3 51. Ra8 g2 52. Rxb8 g1=Q 53. Re8+ Kd4 54. b8=Q Qf1+ 55. Kb7 Qb5+ 56. Kc8 Qxe8+ 57. Kb7 Qb5+ 58. Kc8 Qa6+ 59. Kd7 Qa4+ 60. Ke6 Qc6+ 61. Kf5 Qd7+ 62. Kf4 Qf7+ 63. Kg3 Qg6+ 64. Kf3 Qf5+ 65. Ke2 Qd3+ 66. Kf2 Qd2+ 67. Kf3 Qd1+ 68. Kf2 Qc2+ 69. Kf3 Qc3+ 70. Kf2 Qe3+ 71. Kg2 Qxa3 72. Qb6+ Qc5 73. Qf6+ Kc4 74. Qa6+ Qb5 75. Qc8+ Kb3 76. Kf2 d4 77. Ke1 Qb4+ 78. Kd1 Qc4 79. Qxc4+ Kxc4 80. Kd2 d3 81. Kd1 Kc3 82. Kc1 d2+ 83. Kd1 Kd3 1/2-1/2


[Site "https://www.chess.com"]